%YAML 1.1
%TAG !u! tag:unity3d.com,2011:
--- !u!1 &7904787153436269806
GameObject:
  m_ObjectHideFlags: 0
  m_CorrespondingSourceObject: {fileID: 0}
  m_PrefabInstance: {fileID: 0}
  m_PrefabAsset: {fileID: 0}
  serializedVersion: 6
  m_Component:
  - component: {fileID: 7904787153436269809}
  - component: {fileID: 7904787153436269808}
  m_Layer: 0
  m_Name: EnemyUnitSplatEffectControl
  m_TagString: Untagged
  m_Icon: {fileID: 0}
  m_NavMeshLayer: 0
  m_StaticEditorFlags: 0
  m_IsActive: 1
--- !u!4 &7904787153436269809
Transform:
  m_ObjectHideFlags: 0
  m_CorrespondingSourceObject: {fileID: 0}
  m_PrefabInstance: {fileID: 0}
  m_PrefabAsset: {fileID: 0}
  m_GameObject: {fileID: 7904787153436269806}
  m_LocalRotation: {x: 0, y: 0, z: 0, w: 1}
  m_LocalPosition: {x: 0, y: 0, z: 0}
  m_LocalScale: {x: 1, y: 1, z: 1}
  m_ConstrainProportionsScale: 0
  m_Children:
  - {fileID: 4715653531932743184}
  - {fileID: 7966222115193159525}
  m_Father: {fileID: 0}
  m_RootOrder: 0
  m_LocalEulerAnglesHint: {x: 0, y: 0, z: 0}
--- !u!114 &7904787153436269808
MonoBehaviour:
  m_ObjectHideFlags: 0
  m_CorrespondingSourceObject: {fileID: 0}
  m_PrefabInstance: {fileID: 0}
  m_PrefabAsset: {fileID: 0}
  m_GameObject: {fileID: 7904787153436269806}
  m_Enabled: 1
  m_EditorHideFlags: 0
  m_Script: {fileID: 11500000, guid: 508d31baf6f44c5d898b9a1f6084080a, type: 3}
  m_Name: 
  m_EditorClassIdentifier: 
  splatMesh: {fileID: 4715653531932743184}
  destroySec: 3
  scaleEffectTime: 0.7
  scaleMultiplier: 0.25
--- !u!1001 &7966222114906936819
PrefabInstance:
  m_ObjectHideFlags: 0
  serializedVersion: 2
  m_Modification:
    m_TransformParent: {fileID: 7904787153436269809}
    m_Modifications:
    - target: {fileID: 2645646549714540889, guid: e5c3085e6483b43388ce7522f5ec6a7e,
        type: 3}
      propertyPath: m_Name
      value: EnemyUnitSplat
      objectReference: {fileID: 0}
    - target: {fileID: 3457894978738013155, guid: e5c3085e6483b43388ce7522f5ec6a7e,
        type: 3}
      propertyPath: m_RootOrder
      value: 0
      objectReference: {fileID: 0}
    - target: {fileID: 3457894978738013155, guid: e5c3085e6483b43388ce7522f5ec6a7e,
        type: 3}
      propertyPath: m_LocalPosition.x
      value: 0
      objectReference: {fileID: 0}
    - target: {fileID: 3457894978738013155, guid: e5c3085e6483b43388ce7522f5ec6a7e,
        type: 3}
      propertyPath: m_LocalPosition.y
      value: -0.549
      objectReference: {fileID: 0}
    - target: {fileID: 3457894978738013155, guid: e5c3085e6483b43388ce7522f5ec6a7e,
        type: 3}
      propertyPath: m_LocalPosition.z
      value: 0
      objectReference: {fileID: 0}
    - target: {fileID: 3457894978738013155, guid: e5c3085e6483b43388ce7522f5ec6a7e,
        type: 3}
      propertyPath: m_LocalRotation.w
      value: 1
      objectReference: {fileID: 0}
    - target: {fileID: 3457894978738013155, guid: e5c3085e6483b43388ce7522f5ec6a7e,
        type: 3}
      propertyPath: m_LocalRotation.x
      value: -0
      objectReference: {fileID: 0}
    - target: {fileID: 3457894978738013155, guid: e5c3085e6483b43388ce7522f5ec6a7e,
        type: 3}
      propertyPath: m_LocalRotation.y
      value: -0
      objectReference: {fileID: 0}
    - target: {fileID: 3457894978738013155, guid: e5c3085e6483b43388ce7522f5ec6a7e,
        type: 3}
      propertyPath: m_LocalRotation.z
      value: -0
      objectReference: {fileID: 0}
    - target: {fileID: 3457894978738013155, guid: e5c3085e6483b43388ce7522f5ec6a7e,
        type: 3}
      propertyPath: m_LocalEulerAnglesHint.x
      value: 0
      objectReference: {fileID: 0}
    - target: {fileID: 3457894978738013155, guid: e5c3085e6483b43388ce7522f5ec6a7e,
        type: 3}
      propertyPath: m_LocalEulerAnglesHint.y
      value: 0
      objectReference: {fileID: 0}
    - target: {fileID: 3457894978738013155, guid: e5c3085e6483b43388ce7522f5ec6a7e,
        type: 3}
      propertyPath: m_LocalEulerAnglesHint.z
      value: 0
      objectReference: {fileID: 0}
    m_RemovedComponents: []
  m_SourcePrefab: {fileID: 100100000, guid: e5c3085e6483b43388ce7522f5ec6a7e, type: 3}
--- !u!4 &4715653531932743184 stripped
Transform:
  m_CorrespondingSourceObject: {fileID: 3457894978738013155, guid: e5c3085e6483b43388ce7522f5ec6a7e,
    type: 3}
  m_PrefabInstance: {fileID: 7966222114906936819}
  m_PrefabAsset: {fileID: 0}
--- !u!1001 &7966222115193344925
PrefabInstance:
  m_ObjectHideFlags: 0
  serializedVersion: 2
  m_Modification:
    m_TransformParent: {fileID: 7904787153436269809}
    m_Modifications:
    - target: {fileID: 193062, guid: ad223a410fc854f529525dcc7b609de4, type: 3}
      propertyPath: m_Name
      value: EnemyUnitDeathParticle
      objectReference: {fileID: 0}
    - target: {fileID: 470264, guid: ad223a410fc854f529525dcc7b609de4, type: 3}
      propertyPath: m_RootOrder
      value: 1
      objectReference: {fileID: 0}
    - target: {fileID: 470264, guid: ad223a410fc854f529525dcc7b609de4, type: 3}
      propertyPath: m_LocalPosition.x
      value: 0
      objectReference: {fileID: 0}
    - target: {fileID: 470264, guid: ad223a410fc854f529525dcc7b609de4, type: 3}
      propertyPath: m_LocalPosition.y
      value: 0.213
      objectReference: {fileID: 0}
    - target: {fileID: 470264, guid: ad223a410fc854f529525dcc7b609de4, type: 3}
      propertyPath: m_LocalPosition.z
      value: 0
      objectReference: {fileID: 0}
    - target: {fileID: 470264, guid: ad223a410fc854f529525dcc7b609de4, type: 3}
      propertyPath: m_LocalRotation.w
      value: 0
      objectReference: {fileID: 0}
    - target: {fileID: 470264, guid: ad223a410fc854f529525dcc7b609de4, type: 3}
      propertyPath: m_LocalRotation.x
      value: -0
      objectReference: {fileID: 0}
    - target: {fileID: 470264, guid: ad223a410fc854f529525dcc7b609de4, type: 3}
      propertyPath: m_LocalRotation.y
      value: 1
      objectReference: {fileID: 0}
    - target: {fileID: 470264, guid: ad223a410fc854f529525dcc7b609de4, type: 3}
      propertyPath: m_LocalRotation.z
      value: -0
      objectReference: {fileID: 0}
    - target: {fileID: 470264, guid: ad223a410fc854f529525dcc7b609de4, type: 3}
      propertyPath: m_LocalEulerAnglesHint.x
      value: 0
      objectReference: {fileID: 0}
    - target: {fileID: 470264, guid: ad223a410fc854f529525dcc7b609de4, type: 3}
      propertyPath: m_LocalEulerAnglesHint.y
      value: 180
      objectReference: {fileID: 0}
    - target: {fileID: 470264, guid: ad223a410fc854f529525dcc7b609de4, type: 3}
      propertyPath: m_LocalEulerAnglesHint.z
      value: 0
      objectReference: {fileID: 0}
    m_RemovedComponents: []
  m_SourcePrefab: {fileID: 100100000, guid: ad223a410fc854f529525dcc7b609de4, type: 3}
--- !u!4 &7966222115193159525 stripped
Transform:
  m_CorrespondingSourceObject: {fileID: 470264, guid: ad223a410fc854f529525dcc7b609de4,
    type: 3}
  m_PrefabInstance: {fileID: 7966222115193344925}
  m_PrefabAsset: {fileID: 0}
